 Dungeon Crawl Stone Soup version 0.31-a0-691-g409c26aa35 (webtiles) character file.

Game seed: 10567635600519095979

1479 microfolk the Conjurer (level 8, -2/57 (64) HPs)
             Began as a Barachi Reaver on Sept 6, 2023.
             Was a Believer of Cheibriados.
             Slain by a wight
             ... wielding a +4 scimitar of freezing
              (5 damage)
             ... on level 6 of the Dungeon.
             The game lasted 00:25:37 (8615 turns).

microfolk the Conjurer (Barachi Reaver)             Turns: 8615, Time: 00:25:38

HP:   -2/57 (64)    AC:  8    Str: 18    XL:     8   Next: 79%
MP:   13/15         EV: 12    Int: 19    God:    Cheibriados [**....]
Gold: 312           SH:  0    Dex: 15    Spells: 11/17 levels left

rFire   . . .        a - +0 falchion
rCold   . . .        (no shield)
rNeg    . . .        b - +0 leather armour
rPois   .            (no helmet)
rElec   .            (no cloak)
rCorr   .            (no gloves)
SInv    .            p - +0 pair of boots
Will    +....        o - amulet of the acrobat
Stlth   +            w - +4 ring of protection
HPRegen 0.29/turn    G - ring of willpower
MPRegen 0.14/turn

%: acrobat
@: heavily drained, very slow
A: amphibious, slowness 1, strong legs 1, +LOS
a: Hop, Renounce Religion, Bend Time


You were on level 6 of the Dungeon.
You worshipped Cheibriados.
Cheibriados was pleased with you.
You visited 2 branches of the dungeon, and saw 8 of its levels.

You collected 312 gold pieces.

Inventory:

Hand Weapons
 a - a +0 falchion (weapon)
Missiles
 i - 54 stones
 l - 13 poisoned darts (quivered)
 C - a throwing net
Armour
 b - a +0 leather armour (worn)
 g - a +0 scale mail
 p - a +0 pair of boots (worn)
 I - a +1 plate armour of fire resistance
Magical Staves
 n - a staff of air
Jewellery
 o - an amulet of the acrobat (around neck)
 s - a ring of ice
 w - a +4 ring of protection (left hand)
 F - a +5 ring of evasion
 G - a ring of willpower (right hand)
Wands
 D - a wand of polymorph (6)
Scrolls
 c - 2 scrolls of fog
 h - 3 scrolls of blinking
 j - 2 scrolls of teleportation
 k - a scroll of enchant weapon {unknown}
 m - a scroll of butterflies {unknown}
 r - a scroll of brand weapon {unknown}
 t - a scroll of noise {unknown}
 u - a scroll of immolation
 x - a scroll of revelation {unknown}
 y - a scroll of amnesia {unknown}
 J - a scroll of enchant armour {unknown}
Potions
 d - 4 potions of heal wounds {@q2}
 e - a potion of attraction
 f - 2 potions of mutation
 q - a potion of haste {unknown}
 v - a potion of magic {unknown}
 z - a potion of enlightenment {unknown}
 A - 2 potions of berserk rage
 B - 2 potions of ambrosia
 E - a potion of resistance {unknown}
 H - a potion of brilliance {unknown}
 K - a potion of curing {unknown}


   Skills:
 + Level 5.9 Fighting
 - Level 5.0 Long Blades
 - Level 2.1 Dodging
 - Level 5.0 Spellcasting
 * Level 6.9 Conjurations
 - Level 5.0 Ice Magic
 + Level 3.0 Invocations


You had 11 spell levels left.
You knew the following spells:

 Your Spells              Type           Power      Damage    Failure   Level
a - Kiss of Death         Conj/Necr      68%        2d10      3%          1
b - Momentum Strike       Conj/Tloc      34%        3d8       5%          2
c - Hailstorm             Conj/Ice       27%        3d7       3%          3

Your spell library contained the following spells:

 Spells                   Type           Power      Damage    Failure   Level
 Ensorcelled Hibernation  Hex/Ice        28%        N/A       8%          2
 Dazzling Flash           Conj/Hex       34%        N/A       11%         3
 Sublimation of Blood     Necr           4%         N/A       22%         2
 Wereblood                Tmut           4%         N/A       22%         2
 Volatile Blastmotes      Fire/Tloc      8%         2d10      41%         3
 Anguish                  Hex/Necr       2%         N/A       82%         4
 Starburst                Conj/Fire      8%         6d4       99%         6
 Summon Hydra             Summ           2%         N/A       100%        7
 Maxwell's Capacitive Co  Air            2%         ∞         100%        8


Dungeon Overview and Level Annotations

Branches:
Dungeon (7/15)             Temple (1/1) D:4

Altars:
Ashenzari
Cheibriados
Dithmenos
Elyvilon
Fedhas
Gozag
Kikubaaqudgha
Makhleb
Nemelex Xobeh
Ru
Sif Muna
Uskayaw
Vehumet
Wu Jian
Yredelemnul
Zin
The Shining One

Shops:
D:3 *


Innate Abilities, Weirdness & Mutations

You are amphibious.
You cover ground slowly.
You can hop short distances.
You have an extended range of vision and can be seen from far away.


Message History

There is a stone staircase leading down here.
You climb downwards.
The wight barely misses you.
Found a whip.
Found a stone staircase leading down.
There is a stone staircase leading up here.
The wight hits you with a +4 scimitar of freezing!
You feel drained. The wight freezes you.
You climb upwards.
There is a stone staircase leading down here.
Casting: Momentum Strike (safe; 5% risk of failure)
Confirm with . or Enter, or press ? or * to list all spells.
Aiming: Momentum Strike (safe; 5% risk of failure)
Press: ? - help, Dir - move target, f - wight
Aim: a wight, wielding a +4 scimitar of freezing and wearing a +0 robe (71% to hit)
The concentrated momentum hits the wight!
The wight is heavily damaged.
You are unable to move.
The wight barely misses you.
You hit the wight.
The wight is severely damaged.
The wight barely misses you.
You hit the wight but do no damage.
The wight is severely damaged.
The wight hits you with a +4 scimitar of freezing!
The wight freezes you.
You hit the wight.
The wight is almost destroyed.
The wight hits you with a +4 scimitar of freezing!
* * * LOW HITPOINT WARNING * * *
You feel drained.
* * * LOW HITPOINT WARNING * * *
The wight freezes you.
* * * LOW HITPOINT WARNING * * *
You completely miss the wight.
The wight is almost destroyed.
You are no longer robbed of momentum.
The wight hits you with a +4 scimitar of freezing!
* * * LOW HITPOINT WARNING * * *
You feel drained.
* * * LOW HITPOINT WARNING * * *
The wight freezes you.
You die...

#........# ####.....#####..#
#..#####.# #............#..###
#..# #.# ##......#####.#....#
#..# #.## #.......#####.#.####
#..# #..###.............#.#.#
#..# ##.##..........#####...#
#########..##...........# ##..#
.........#..##..........## #..###
.........#..###.@....#...####....
########..#..###z....#....#######
#..# #......###..#.#.##...## #..#
#......##...#.#.###...## #..#
#.........###.#.# ###..# #..#
#.......### #.#.# ####
#..#####......## #.#.#
...##.........## ###.#.#
.#####.......#.###.#.#.##


You could see a wight.

Vanquished Creatures
  A water moccasin (D:6)
  2 ogres (D:6)
  A phantom (D:6)
  A bullfrog (D:6)
  A scorpion (D:6)
  A vampire bat (D:3)
  3 hounds
  A centaur zombie (D:5)
  2 bullfrog zombies (D:5)
  A jelly (D:6)
  An orc priest (D:4)
  A gnoll bouda (D:5)
  7 iguanas
  A sleepcap (D:7)
  3 orc wizards
  2 scorpion zombies (D:5)
  A hound zombie (D:5)
  7 gnolls
  6 adders
  2 shadow imps
  A white imp (D:6)
  3 worms
  A dart slug (D:3)
  3 fire bats (D:3)
  19 orcs
  2 spectral bats (D:3)
  3 bat skeletons (D:3)
  A bat zombie (D:3)
  5 endoplasms
  2 giant cockroaches
  6 goblins
  8 hobgoblins
  6 jackals
  5 kobolds
  5 quokkas
  8 ball pythons
  12 bats
  A bat simulacrum (D:3)
  A frilled lizard (D:1)
  9 rats
146 creatures vanquished.

Notes
Turn   | Place    | Note
-------+----------+-------------------------------------------
     0 | D:1      | microfolk the Barachi Reaver began the quest for the Orb.
     0 | D:1      | Reached XP level 1. HP: 17/17 MP: 3/3
    93 | D:1      | Reached XP level 2. HP: 23/23 MP: 5/5
   119 | D:1      | Learned a level 2 spell: Momentum Strike
   998 | D:2      | Reached XP level 3. HP: 28/28 MP: 6/6
  1444 | D:2      | Reached skill level 4 in Conjurations
  2104 | D:3      | Reached XP level 4. HP: 27/35 MP: 3/8
  2169 | D:3      | Found Zalea's Assorted Antiques.
  2542 | D:3      | Found a hide-covered altar of Uskayaw.
  2846 | D:3      | Reached XP level 5. HP: 39/41 MP: 9/9
  2884 | D:3      | Reached skill level 5 in Conjurations
  3107 | D:3      | Learned a level 3 spell: Hailstorm
  3389 | D:4      | Reached XP level 6. HP: 47/48 MP: 10/10
  3742 | D:4      | Found a staircase to the Ecumenical Temple.
  3749 | Temple   | Entered the Ecumenical Temple
  3755 | Temple   | Became a worshipper of Cheibriados the Contemplative
  4032 | D:3      | Reached skill level 1 in Ice Magic
  4356 | D:4      | Found an opulent altar of Gozag.
  4444 | D:4      | Found a glowing golden altar of the Shining One.
  4464 | D:5      | Entered Level 5 of the Dungeon
  4507 | D:5      | Reached skill level 5 in Long Blades
  4792 | D:5      | Reached skill level 1 in Invocations
  4792 | D:5      | Reached XP level 7. HP: 39/48 MP: 3/12
  5046 | D:5      | Found a glowing silver altar of Zin.
  5326 | D:5      | Reached * piety under Cheibriados
  5586 | D:5      | Found a basalt altar of Yredelemnul.
  6194 | D:6      | Reached skill level 5 in Fighting
  6194 | D:6      | Reached XP level 8. HP: 62/62 MP: 3/14
  6858 | D:6      | Reached skill level 6 in Conjurations
  7233 | D:6      | Reached skill level 5 in Ice Magic
  7359 | D:6      | Reached ** piety under Cheibriados
  8464 | D:7      | Reached skill level 5 in Spellcasting
  8615 | D:6      | Slain by a wight

Illustrated notes

Levels and vault maps discovered:
D:1:      mushboom_english_gardens, layout_basic
D:2:      layout_loops_ring, serial_bayou, serial_bayou_pond_c,
          serial_bayou_pond_a, serial_bayou_lagoon_b, serial_bayou_pond_c,
          nicolae_figureground_pulse
D:3:      layout_loops_ring, nicolae_uskayaw_dance_hall, serial_shops, shop,
          minmay_misc_feat_iff, chequers_serial_rivers_micro_c, goddamned_bats
D:4:      layout_rooms, gammafunk_temple_overflow_statue,
          minmay_temple_entry_statues_pillars
D:5:      layout_basic, lemuel_tele_altar, nicolae_yredelemnul_corpse_copse,
          st_stairs_11, chequers_serial_rivers_small_a, kennysheep_nondescript
D:6:      layout_cave_pods, serial_co_window_serial, co_window_of_opportunity_a,
          co_window_of_opportunity_a, co_window_paths_b, co_window_paths_a,
          co_window_paths_a, co_window_of_opportunity_b,
          co_window_unsneaky_path_e, co_window_2corner, co_window_cross_2,
          co_window_paths_c, co_window_paths_c, co_window_of_opportunity_c,
          co_window_4corner_a, glass_columns_a, small_statue_intersection
D:7:      minmay_the_grid_triangle_9x9_rhombus_full
          [minmay_the_grid_triangle_9x9_corruption,
          minmay_the_grid_triangle_9x9_empty,
          minmay_the_grid_triangle_9x9_wacky_v,
          minmay_the_grid_triangle_9x9_semitri,
          minmay_the_grid_triangle_9x9_intruding_spiral,
          minmay_the_grid_triangle_9x9_tough_junction,
          minmay_the_grid_triangle_9x9_thin_v,
          minmay_the_grid_triangle_9x9_prize_schism], layout_basic,
          uniq_prince_ribbit1, uniq_joseph
Temple:   hellmonk_temple_two_chambers

Skill      XL: |  1  2  3  4  5  6  7  8 |
---------------+-------------------------+-----
Long Blades    | 4 5 |  5.0
Conjurations   | 4 5 6 |  6.9
Fighting       | 3 4 5 |  5.9
Spellcasting   | 3 4 5 |  5.0
Ice Magic      | 2 4 5 |  5.0
Invocations    | 1 2 3 |  3.0
Dodging        | |  2.1

Action                     |  1- 3 |  4- 6 |  7- 9 || total
---------------------------+-------+-------+-------++-------
  Melee: Falchion          |   110 |   259 |   132 ||   501
         Punch             |     1 |     2 |     2 ||     5
  Throw: Dart              |       |     2 |       ||     2
   Cast: Momentum Strike   |     5 |     5 |    20 ||    30
         Hailstorm         |       |     6 |    38 ||    44
         Kiss of Death     |       |     1 |     1 ||     2
Ability: Hop               |       |     3 |     4 ||     7
    Use: Scroll            |     4 |     1 |     6 ||    11
 Armour: Leather armour    |    44 |   204 |   101 ||   349
  Dodge: Dodged            |    45 |   209 |    83 ||   337

Table legend: (Time is in decaauts)
 A = Elapsed time spent in this place.
 B = Non-inter-level travel time spent in this place.
 C = Inter-level travel time spent in this place.
 D = Time resting spent in this place.
 E = Time spent auto-exploring this place.
 F = Levels seen in this place.
 G = Mean time per level.
                   A        B        C        D        E       F      G
               +--------+--------+--------+--------+--------+-----+--------+
         Total |  10765 |   9840 |    925 |   1392 |   6336 |   8 | 1345.6 |
       Dungeon |  10745 |   9820 |    925 |   1392 |   6336 |   7 | 1535.0 |
        Temple |     19 |     19 |      0 |      0 |      0 |   1 |   19.0 |
               +--------+--------+--------+--------+--------+-----+--------+

Top non-repeatable levels by time:
     D:6: 3026 daAuts
     D:5: 2021 daAuts
     D:3: 1667 daAuts
     D:2: 1319 daAuts
     D:4: 1303 daAuts
     D:1: 1053 daAuts
     D:7: 354 daAuts
  Temple: 19 daAuts
